 Dungeon Crawl Stone Soup version 0.31-a0-986-g5e6e4ef867 (webtiles) character file.

Game seed: 10618383547637069214

422 pokeman the Magician (level 6, -1/34 HPs)
             Began as a Deep Elf Hedge Wizard on Nov 4, 2023.
             Was an Initiate of Vehumet.
             Slain by an iguana (10 damage)
             ... on level 4 of the Dungeon.
             The game lasted 00:06:40 (2855 turns).

pokeman the Magician (Deep Elf Hedge Wizard)        Turns: 2855, Time: 00:06:40

Health: -1/34      AC:  3    Str:  7    XL:     6   Next: 63%
Magic:  4/27       EV: 13    Int: 21    God:    Vehumet [......]
Gold:   160        SH:  0    Dex: 14    Spells: 11/19 levels left

rFire   . . .        p - +0 dagger (venom)
rCold   . . .        (no shield)
rNeg    . . .        b - +0 robe
rPois   .            c - +0 hat
rElec   .            (no cloak)
rCorr   .            o - +0 pair of gloves
SInv    .            (no boots)
Will    .....        (no amulet)
Stlth   +++          i - ring of magical power
HPRegen 0.25/turn    (no ring)
MPRegen 0.20/turn

%: no passive effects
@: on blink cooldown, very slightly contaminated
A: no striking features
a: Renounce Religion


You were on level 4 of the Dungeon.
You worshipped Vehumet.
Vehumet was noncommittal.
You visited 2 branches of the dungeon, and saw 5 of its levels.

You collected 160 gold pieces.

Inventory:

Hand Weapons
 p - a +0 dagger of venom (weapon)
Missiles
 s - 2 throwing nets
Armour
 b - a +0 robe (worn)
 c - a +0 hat (worn)
 o - a +0 pair of gloves (worn)
 q - a +0 kite shield
Jewellery
 i - a ring of magical power (left hand)
Wands
 n - a wand of flame (20)
Scrolls
 e - 2 scrolls of identify {unknown}
 g - 3 scrolls of teleportation {unknown}
 k - a scroll of torment {unknown}
 l - a scroll of immolation {unknown}
 t - a scroll of amnesia {unknown}
 u - a scroll of butterflies {unknown}
 v - a scroll of fear {unknown}
 w - a scroll of acquirement {unknown}
Potions
 a - 2 potions of berserk rage {unknown}
 d - a potion of magic
 f - 3 potions of enlightenment {unknown}
 h - 3 potions of brilliance {unknown}
 j - 3 potions of mutation {unknown}
 m - 3 potions of curing {unknown}
 r - a potion of resistance {unknown}


   Skills:
 - Level 1.0 Fighting
 - Level 1.1 Armour
 + Level 3.9 Dodging
 - Level 4.2 Stealth
 + Level 0.0 Shields
 * Level 7.2 Spellcasting
 + Level 3.3 Conjurations
 - Level 1.1 Summonings
 - Level 1.1 Translocations


You had 11 spell levels left.
You knew the following spells:

 Your Spells              Type           Power      Damage    Failure   Level
a - Magic Dart            Conj           84%        1d7       2%          1
b - Mephitic Cloud        Conj/Pois/Air  12%        N/A       16%         3
c - Call Imp              Summ           24%        N/A       9%          2
d - Blink                 Tloc           24%        N/A       9%          2

Your spell library contained the following spells:

 Spells                   Type           Power      Damage    Failure   Level
 Slow                     Hex            28%        N/A       9%          1
 Lesser Beckoning         Tloc           24%        N/A       9%          2
 Cigotuvi's Dreadful Rot  Necr/Pois/Air  14%        N/A       13%         2
 Ensorcelled Hibernation  Hex/Ice        14%        N/A       13%         2
 Passwall                 Tmut/Erth      5%         N/A       13%         2
 Gell's Gravitas          Tloc           12%        N/A       17%         3
 Teleport Other           Tloc           12%        N/A       17%         3
 Swiftness                Air            7%         N/A       26%         3


Dungeon Overview and Level Annotations

Branches:
Dungeon (4/15)             Temple (1/1) D:4

Altars:
Ashenzari
Elyvilon
Fedhas
Gozag
Hepliaklqana
Makhleb
Nemelex Xobeh
Ru
Sif Muna
Uskayaw
Vehumet
Wu Jian
The Shining One


Message History

You kill the orc warrior!
Vehumet accepts your kill.
Your Stealth skill increases to level 4!
Your Spellcasting skill increases to level 7!
Casting: Mephitic Cloud (quite dangerous; 16% risk of failure)
Confirm with . or Enter, or press ? or * to list all spells.
Aiming: Mephitic Cloud (quite dangerous; 16% risk of failure)
Press: ? - help, Shift-Dir - straight line, f - iguana
Aim: an iguana (chance to affect: 86%)
You miscast Mephitic Cloud.
You are very lightly contaminated with residual magic.
Nothing appears to happen.
A scorpion comes into view.
Casting: Mephitic Cloud (quite dangerous; 16% risk of failure)
Confirm with . or Enter, or press ? or * to list all spells.
Aiming: Mephitic Cloud (quite dangerous; 16% risk of failure)
Press: ? - help, Shift-Dir - straight line, f/p - iguana
Aim: an iguana (chance to affect: 86%)
The ball explodes into a vile cloud!
The stinking cloud engulfs the iguana but does no damage.
The stinking cloud engulfs you but does no damage.
The stinking cloud engulfs the worm but does no damage.
The worm is heavily wounded.
The iguana is engulfed in noxious fumes.
The iguana appears confused.
Unknown command.
Unknown command.
The iguana bites the worm!
An ice beast comes into view.
Unknown command.
Unknown command.
The worm is engulfed in noxious fumes.
The worm appears confused.
The worm bites you.
* * * LOW HITPOINT WARNING * * *
The worm bites itself.
Unknown command.
Casting: Mephitic Cloud (quite dangerous; 16% risk of failure)
Confirm with . or Enter, or press ? or * to list all spells.
You blink.
The iguana bites you!
You die...

#.......... #......... #..
#......... ###... #........
..... #........ #... #....#
..##...#######....###
#......Y.......@...>..+
#..............l..)...#
#............w§s......# .
##...##.....###..##.).## #.#
.....##.....###..##†..######.._.
##...##......#..............##
#...........+.......).......#
#...........#........)......#
#...#########..###...##.....#


You could see a worm (confused), a scorpion and an iguana (confused).

Vanquished Creatures
  Sigmund (D:3)
  An orc warrior (D:4)
  An iguana (D:4)
  An orc wizard (D:4)
  4 gnolls (D:3)
  2 adders (D:2)
  A worm (D:2)
  2 orcs (D:4)
  6 ball pythons
  3 bats
  3 endoplasms
  3 giant cockroaches
  6 goblins
  6 hobgoblins
  3 quokkas
  3 frilled lizards
  7 kobolds
  11 rats
64 creatures vanquished.

Notes
Turn   | Place    | Note
-------+----------+-------------------------------------------
     0 | D:1      | pokeman the Deep Elf Hedge Wizard began the quest for the
                  | Orb.
     0 | D:1      | Reached XP level 1. HP: 10/10 MP: 7/7
   361 | D:1      | Reached XP level 2. HP: 16/16 MP: 2/9
   851 | D:1      | Reached skill level 5 in Spellcasting
  1176 | D:2      | Reached XP level 3. HP: 20/20 MP: 11/11
  1180 | D:2      | Learned a level 3 spell: Mephitic Cloud
  1183 | D:2      | Learned a level 2 spell: Call Imp
  1186 | D:2      | Learned a level 2 spell: Blink
  1219 | D:2      | Found a faded altar of an unknown god.
  1291 | D:2      | Reached skill level 1 in Armour
  1398 | D:2      | Reached skill level 1 in Fighting
  2024 | D:3      | Noticed Sigmund
  2034 | D:3      | Reached XP level 4. HP: 25/25 MP: 13/13
  2034 | D:3      | Killed Sigmund
  2035 | D:3      | Reached skill level 6 in Spellcasting
  2035 | D:3      | Reached XP level 5. HP: 29/29 MP: 15/15
  2261 | D:3      | Reached XP level 6. HP: 16/34 MP: 16/17
  2434 | D:3      | Found a burning altar of Makhleb.
  2686 | D:4      | Found a staircase to the Ecumenical Temple.
  2691 | Temple   | Entered the Ecumenical Temple
  2705 | Temple   | Became a worshipper of Vehumet
  2802 | D:4      | Found a broken altar of Ashenzari.
  2806 | D:4      | Noticed an orc warrior
  2847 | D:4      | Killed an orc warrior
  2848 | D:4      | Reached skill level 7 in Spellcasting
  2852 | D:4      | Noticed an ice beast
  2855 | D:4      | Slain by an iguana

Illustrated notes

Levels and vault maps discovered:
D:1:      minmay_arrival_stone_box, layout_basic, minmay_tall_x
D:2:      layout_basic, basic_ecumenical_altar, serial_rivers,
          chequers_serial_rivers_micro_e, chequers_serial_rivers_micro_e,
          chequers_serial_rivers_marsh, chequers_serial_rivers_large_a,
          chequers_serial_rivers_micro_c, minmay_misc_feat_columns
D:3:      layout_rooms, lightli_temple_of_fire, uniq_sigmund
D:4:      layout_gridville, ashenzari_altar_1, mainiacjoe_overflow_paths,
          temple_doors_e, uniq_grinder
Temple:   jpeg_temple_clearing

Skill      XL: |  1  2  3  4  5  6 |
---------------+-------------------+-----
Spellcasting   | 5 6 7 |  7.2
Armour         | 1 |  1.1
Fighting       | 1 |  1.0
Conjurations   | 2 3 |  3.3
Dodging        | 3 |  3.9
Stealth        | 3 4 |  4.2
Summonings     | |  1.1
Translocations | |  1.1

Action                     |  1- 3 |  4- 6 || total
---------------------------+-------+-------++-------
  Melee: Dagger            |     8 |    28 ||    36
         Punch             |       |     1 ||     1
   Cast: Magic Dart        |    96 |    19 ||   115
         Mephitic Cloud    |     1 |    12 ||    13
         Blink             |       |     1 ||     1
   Stab: Confused          |       |     4 ||     4
 Armour: Robe              |    10 |     8 ||    18
  Dodge: Dodged            |    10 |    18 ||    28

Table legend: (Time is in decaauts)
 A = Elapsed time spent in this place.
 B = Non-inter-level travel time spent in this place.
 C = Inter-level travel time spent in this place.
 D = Time resting spent in this place.
 E = Time spent auto-exploring this place.
 F = Levels seen in this place.
 G = Mean time per level.
                   A        B        C        D        E       F      G
               +--------+--------+--------+--------+--------+-----+--------+
         Total |   2872 |   2760 |    112 |      0 |   2388 |   5 |  574.4 |
       Dungeon |   2843 |   2757 |     86 |      0 |   2388 |   4 |  710.8 |
        Temple |     28 |      2 |     26 |      0 |      0 |   1 |   28.0 |
               +--------+--------+--------+--------+--------+-----+--------+

Top non-repeatable levels by time:
     D:1: 995 daAuts
     D:2: 898 daAuts
     D:3: 798 daAuts
     D:4: 150 daAuts
  Temple: 28 daAuts
